 Dungeon Crawl Stone Soup version 0.23-a0-558-g30802b1 (webtiles) character file.

4662 nikopol the Cleaver (level 10, -8/132 HPs)
             Began as a Minotaur Berserker on Dec 11, 2018.
             Was an Elder of Trog.
             Mangled by an orc warrior
             ... wielding a +0 dire flail
              (19 damage)
             ... on level 8 of the Dungeon.
             The game lasted 00:13:31 (6771 turns).

nikopol the Cleaver (Minotaur Berserker)            Turns: 6771, Time: 00:13:31

Health: -8/132     AC:  4    Str: 27    XL:     10   Next: 20%
Magic:  9/9        EV: 12    Int:  4    God:    Trog [****..]
Gold:   241        SH:  0    Dex: 13    Spells: 9/9 levels left

rFire    . . .     SeeInvis .   a - +0 war axe
rCold    + . .     Gourm    .   (no shield)
rNeg     . . .     Faith    .   j - +0 scale mail
rPois    .         Spirit   .   (helmet restricted)
rElec    .         Reflect  .   (no cloak)
rCorr    .         Harm     .   (no gloves)
MR       .....                  (no boots)
Stlth    ..........             (no amulet)
HPRegen  0.32/turn              s - ring of protection from cold
MPRegen  0.11/turn              i - ring of stealth

@: berserking, corroded, very quick
A: retaliatory headbutt, horns 2
a: Berserk, Trog's Hand, Brothers in Arms, Renounce Religion


You were on level 8 of the Dungeon.
You worshipped Trog.
Trog was greatly pleased with you.
You were near starving.

You visited 1 branch of the dungeon, and saw 8 of its levels.

You collected 384 gold pieces.
You spent 143 gold pieces at shops.

Inventory:

Hand Weapons
 a - a +0 war axe (weapon)
 z - a +0 shortbow
 I - a +2 dire flail of crushing
Missiles
 k - 193 arrows
Armour
 j - a +0 scale mail (worn)
Jewellery
 h - an uncursed ring of positive energy
 i - a ring of stealth (right hand)
 n - an uncursed ring of flight
 s - a ring of protection from cold (left hand)
 C - a cursed amulet of inaccuracy {unknown}
Wands
 w - a wand of scattershot (6)
 y - a wand of iceblast (18)
 A - a wand of disintegration (13)
 D - a wand of digging (7)
 F - a wand of paralysis (8)
 G - a wand of random effects (14)
Scrolls
 e - 4 scrolls of remove curse
 f - 5 scrolls of identify {unknown}
 o - 6 scrolls of teleportation
 p - a scroll of enchant armour {unknown}
 q - 2 scrolls of amnesia {unknown}
 r - 2 scrolls of fear
 t - a scroll of fog {unknown}
 u - 2 scrolls of blinking {unknown}
 v - 2 scrolls of immolation {unknown}
 B - a scroll of enchant weapon {unknown}
Potions
 b - 2 potions of heal wounds
 d - 2 potions of mutation {unknown}
 g - 3 potions of lignification {unknown}
 l - 5 potions of curing
 m - a potion of might {unknown}
 x - a potion of cancellation {unknown}
 E - a potion of ambrosia {unknown}
Comestibles
 c - 20 rations
 H - 3 chunks of flesh


   Skills:
 + Level 7.7 Fighting
 * Level 10.5 Axes
 * Level 9.3 Bows
 + Level 8.2 Armour
 + Level 3.4 Dodging
 + Level 0.8 Stealth


You had 9 spell levels left.
You didn't know any spells.
Your spell library was empty.

Dungeon Overview and Level Annotations

Branches:
Dungeon (8/15)             Temple (0/1) D:5            Lair (0/6) D:8

Altars:
Elyvilon
Fedhas
Gozag
Makhleb
Qazlal
Yredelemnul

Shops:
D:5 %*?(!


Innate Abilities, Weirdness & Mutations

You reflexively headbutt those who attack you in melee.
You have a pair of horns on your head.


Message History

Trog accepts your kill. The hippogriff bites you!
* * * LOW HITPOINT WARNING * * *
The hippogriff completely misses you.
The hippogriff claws you but does no damage.
An orc comes into view.
You barely miss the hippogriff.
The hippogriff is severely wounded.
The orc shouts!
You hit the orc warrior. The hippogriff bites you!
* * * LOW HITPOINT WARNING * * *
The hippogriff misses you. The hippogriff claws you!
* * * LOW HITPOINT WARNING * * *
You barely miss the hippogriff. You headbutt the hippogriff!
You kill the hippogriff!
Trog accepts your kill.
You closely miss the orc warrior.
You are near starving!
The orc warrior hits you with a +0 dire flail!!
You die...

#.#.#.# ..#.#.#
###.#.# ### . ......#
#########... ?.
....### #.......#$# .#
##### #.##.##... ..
##.#...#.# $##
#(......†#.(.#o.
#..#....@)o....(
#######..##...#o...#..
#...........###o..##
###.##.†..##...# #....
.....#÷##.#....# .##.#
.(.....#......... .. #
.....##...#..)#... (.
###.###.#.##.##.#. .#
.##...?........ #


You could see 2 orc warriors and 2 orcs.

Vanquished Creatures
  A two-headed ogre (D:8)
  The ghost of soark the Destroyer, a novice DECj (D:6)
  Prince Ribbit (D:7)
  A hippogriff (D:8)
  2 wyverns (D:8)
  2 water moccasins
  An ice beast (D:8)
  A phantom (D:4)
  A sky beast (D:5)
  3 centaurs
  2 ogres
  A crocodile (D:8)
  Blork the orc (D:6)
  A big kobold (D:7)
  A bullfrog (D:8)
  3 scorpions
  5 killer bees (D:8)
  3 howler monkeys
  A crimson imp (D:5)
  A centaur zombie (D:8)
  2 centaur skeletons
  A bullfrog zombie (D:8)
  4 hounds
  3 jellies
  2 orc priests
  8 orc wizards
  4 bullfrog skeletons
  An iguana (D:3)
  3 worker ants
  A worker ant zombie (D:5)
  A hound skeleton (D:7)
  3 gnolls (D:3)
  8 adders
  An ooze (D:2)
  4 adder skeletons
  2 worms
  4 leopard geckos
  26 orcs
  8 bats
  6 giant cockroaches
  8 goblins
  7 hobgoblins
  8 jackals
  6 quokkas
  A ball python (D:7)
  5 frilled lizards
  12 kobolds
  A leopard gecko skeleton (D:7)
  3 rats (D:2)
176 creatures vanquished.

Notes
Turn   | Place    | Note
-------+----------+-------------------------------------------
     0 | D:1      | nikopol the Minotaur Berserker began the quest for the Orb.
     0 | D:1      | Reached XP level 1. HP: 19/19 MP: 0/0
   249 | D:1      | Reached XP level 2. HP: 20/27 MP: 1/1
   276 | D:1      | Reached skill level 4 in Axes
   888 | D:2      | Reached XP level 3. HP: 21/34 MP: 2/2
  1184 | D:2      | Found a burning altar of Makhleb.
  1184 | D:2      | Noticed a cacodemon
  1187 | D:2      | Noticed an orange demon
  1187 | D:2      | Noticed a smoke demon
  1524 | D:3      | Reached ** piety under Trog
  1641 | D:3      | Reached XP level 4. HP: 41/41 MP: 3/3
  1662 | D:3      | Found a white marble altar of Elyvilon.
  1718 | D:3      | Reached skill level 5 in Fighting
  1723 | D:3      | Reached XP level 5. HP: 37/48 MP: 4/4
  1744 | D:3      | Reached skill level 5 in Axes
  1899 | D:3      | Found a stormy altar of Qazlal.
  2341 | D:4      | Noticed a phantom
  2349 | D:4      | Noticed an ogre
  2359 | D:4      | Killed an ogre
  2359 | D:4      | Reached skill level 6 in Axes
  2359 | D:4      | Reached XP level 6. HP: 15/56 MP: 5/5
  2361 | D:4      | Reached skill level 5 in Armour
  2688 | D:4      | Found a basalt altar of Yredelemnul.
  2690 | D:4      | Found an opulent altar of Gozag.
  2694 | D:4      | Reached XP level 7. HP: 61/61 MP: 6/6
  2912 | D:4      | Reached skill level 7 in Axes
  2971 | D:5      | Entered Level 5 of the Dungeon
  2984 | D:5      | Reached *** piety under Trog
  3233 | D:5      | Found Huudghogo's Distillery.
  3236 | D:5      | Bought a potion of heal wounds for 65 gold pieces
  3236 | D:5      | Bought a potion of curing for 39 gold pieces
  3250 | D:5      | Found a staircase to the Ecumenical Temple.
  3352 | D:5      | Reached skill level 8 in Axes
  3701 | D:5      | Found Ithradack's Assorted Antiques.
  3713 | D:5      | Reached XP level 8. HP: 69/70 MP: 7/7
  3758 | D:5      | Found Gythusar's Magic Scroll Boutique.
  3764 | D:5      | Bought a scroll of teleportation for 39 gold pieces
  3793 | D:5      | Found Udiadeo's Antique Weapon Shoppe.
  3915 | D:5      | Found Fiusec's Food Shoppe.
  4058 | D:6      | Reached skill level 9 in Axes
  4292 | D:6      | Identified the +9 dagger "Duny" {pierce, Fragile rPois rC+
                  | MP+9 Str+3}
  4305 | D:6      | Found a runed door.
  4315 | D:6      | Noticed soark's ghost (novice DECj)
  4614 | D:6      | Noticed Blork the orc
  4626 | D:6      | Killed Blork the orc
  4626 | D:6      | Reached skill level 1 in Bows
  4753 | D:6      | Found a blossoming altar of Fedhas.
  5212 | D:6      | Killed soark's ghost
  5212 | D:6      | Reached XP level 9. HP: 79/79 MP: 8/8
  5262 | D:7      | Reached skill level 5 in Bows
  5370 | D:7      | Reached **** piety under Trog
  5581 | D:7      | Noticed Prince Ribbit
  5598 | D:7      | Killed Prince Ribbit
  6249 | D:8      | Reached skill level 10 in Axes
  6259 | D:8      | Found a staircase to the Lair.
  6606 | D:8      | Noticed a two-headed ogre
  6614 | D:8      | Killed a two-headed ogre
  6614 | D:8      | Reached XP level 10. HP: 86/86 MP: 9/9
  6771 | D:8      | Mangled by an orc warrior

Vault maps used:
D:1:      dpeg_arrival_rhombus
D:2:      minmay_misc_feat_chi, makhleb_altar_promises_db
D:3:      elyvilon_altar_5, nicolae_qazlal_general_emergency, first_ration
D:4:      chequers_temple_overflow_statue_of_worship
D:5:      minmay_temple_entry_ruins, serial_shops, shop,
          nicolae_shop_competitors_out_of_business, kennysheep_mini,
          nicolae_shop_stone, shop_statue
D:6:      hellmonk_ghost_happy_afterlife, fedhas_bush_and_centaur_altar,
          uniq_blork_the_orc
D:7:      uniq_prince_ribbit1
D:8:      lair_entry_dummy, hangedman_decor_clover_reticule

Skill      XL: |  1  2  3  4  5  6  7  8  9 |
---------------+----------------------------+-----
Fighting       | 4 5 6 7 |  7.7
Axes           | 4 6 8 9 10 | 10.5
Armour         | 3 4 5 6 7 8 |  8.2
Dodging        | 3 |  3.4
Bows           | 4 9 |  9.3
Stealth        | |  0.8

Action                   |  1- 3 |  4- 6 |  7- 9 | 10-12 || total
-------------------------+-------+-------+-------+-------++-------
Melee: Hand axe          |    75 |    96 |   186 |       ||   357
       Headbutt          |    12 |    18 |    29 |     5 ||    64
       War axe           |       |       |    25 |    21 ||    46
 Fire: Shortbow          |       |       |   132 |    11 ||   143
Invok: Berserk           |       |     2 |     8 |     1 ||    11
  Use: Scroll            |       |       |     3 |       ||     3
       Potion            |       |       |     1 |       ||     1
  Eat: Chunk             |     2 |     4 |    17 |     1 ||    24
       Ration            |       |       |     1 |       ||     1
Armor: Animal skin       |     6 |       |       |       ||     6
       Scale mail        |     9 |    36 |    78 |    13 ||   136
Dodge: Dodged            |    54 |    53 |   126 |    18 ||   251

Table legend:
 A = Non-vault XP
 B = Vault XP
 C = Vault XP percentage of total XP
 D = Non-vault monster count
 E = Vault monster count
 F = Vault count percentage of total count
                 A         B        C        D         E       F
            +---------+---------+-------+---------+---------+-------
      Total |    5711 |     950 |  14.3 |     172 |       4 |   2.3
            +---------+---------+-------+---------+---------+-------
        D:1 |      28 |       0 |   0.0 |      15 |       0 |   0.0
        D:2 |      54 |       0 |   0.0 |      16 |       0 |   0.0
        D:3 |     245 |       0 |   0.0 |      29 |       0 |   0.0
        D:4 |     484 |       0 |   0.0 |      18 |       0 |   0.0
        D:5 |     976 |       0 |   0.0 |      32 |       0 |   0.0
        D:6 |     487 |     691 |  58.7 |      11 |       3 |  21.4
        D:7 |     580 |     259 |  30.9 |      24 |       1 |   4.0
        D:8 |    2857 |       0 |   0.0 |      27 |       0 |   0.0
            +---------+---------+-------+---------+---------+-------
